Map: Jagannatha LE

Players

Dest

  • Race: Zerg Zerg
  • League: Diamond
  • Spawn Location: 1:00

Massa - Winner!

  • Race: Terran Terran
  • League: Platinum
  • Spawn Location: 7:00

VOD

Have the link to the VOD?

Description

Time

  • Played on: Dec. 30, 2020, 11:36 a.m.
  • Length: 19:59
Show
View Real Time Build Order
Export as new Build Order

Dest Zerg 

Build Orders: Pool First, Lurkers 

Get SALT Encoding   

  12  0:00  Drone  
  13  0:11  Drone  
  14  0:18  Overlord  
  14  0:30  Extractor  
  14  0:31  Overlord  
  13  0:46  Spawning Pool  
  13  0:49  Drone  
  13  0:58  Drone x2  
  13  1:02  Drone  
  16  1:12  Drone  
  17  1:26  Drone  
  17  1:32  Queen  
  18  1:33  Zergling x2  
  21  1:41  Metabolic Boost  
  21  1:45  Drone  
  22  2:03  Drone  
  23  2:09  Hatchery  
  22  2:19  Lair  
  21  2:34  Zergling x4  
  23  2:43  Zergling x2  
  24  2:46  Drone x3  
  27  3:04  Drone  
  28  3:15  Extractor  
  28  3:18  Queen  
  29  3:21  Drone  
  29  3:22  Drone x2, Queen  
  34  3:32  Spire  
  34  3:33  Drone  
  34  3:39  Drone  
  35  3:44  Overlord  
  35  3:48  Overlord  
  35  3:55  Extractor, Drone  
  36  4:02  Drone  
  36  4:04  Drone x3  
  36  4:07  Overlord  
  39  4:16  Drone x2  
  41  4:19  Drone x2  
  43  4:25  Overlord  
  43  4:27  Drone  
  43  4:30  Drone  
  45  4:45  Corruptor x2  
  45  4:49  Corruptor  
  51  4:55  Corruptor  
  53  5:01  Corruptor  
  53  5:06  Zerg Flyer Weapons Level 1  
  55  5:12  Drone x3  
  58  5:15  Drone x2  
  60  5:25  Zergling x8  
  64  5:30  Corruptor  
  66  5:39  Baneling Nest  
  65  5:52  Hatchery  
  65  5:56  Drone x3  
  65  5:57  Overlord x2  
  67  6:14  Overlord x2  
  67  6:15  Zergling x8  
  67  6:16  Zergling x2  
  72  6:25  Centrifical Hooks  
  70  6:29  Zergling x12  
  76  6:41  Corruptor  
  76  6:42  Corruptor x2  
  82  6:51  Baneling x6  
  82  6:52  Evolution Chamber  
  82  6:53  Baneling x4  
  81  7:01  Corruptor  
  81  7:03  Zergling x6  
  72  7:36  Zergling x2  
  73  7:37  Zergling x12  
  73  7:43  Corruptor x3  
  83  7:51  Drone, Queen  
  83  7:52  Drone  
  83  7:56  Baneling x4  
  83  7:57  Baneling x2  
  86  7:59  Overlord  
  86  8:00  Overlord x2  
  86  8:09  Drone x2  
  86  8:10  Drone  
  90  8:20  Zergling x6  
  84  8:43  Drone x12  
  96  8:55  Extractor  
  95  8:56  Zergling x6  
  95  8:59  Zerg Melee Weapons Level 1  
  95  9:00  Corruptor x2  
  102  9:04  Hatchery  
  101  9:11  Hydralisk Den  
  101  9:12  Infestation Pit  
  101  9:16  Evolution Chamber  
  101  9:17  Baneling x6  
  98  9:20  Extractor  
  98  9:22  Extractor  
  96  9:36  Zergling x18  
  96  9:37  Zergling x8  
  109  9:45  Grooved Spines  
  109  9:55  Drone x4  
  113  10:01  Zerg Missile Weapons Level 1  
  113  10:04  Zergling x2  
  113  10:05  Zergling x10  
  119  10:11  Drone  
  120  10:16  Hive  
  120  10:21  Lurker Den  
  115  10:43  Baneling  
  115  10:44  Baneling x18  
  115  10:54  Pathogen Glands  
  115  10:57  Muscular Augments  
  115  10:58  Zergling x8  
  115  10:59  Zergling x16  
  115  11:00  Overlord x4  
  127  11:18  Queen  
  127  11:22  Baneling x2  
  127  11:23  Baneling x4  
  129  11:26  Hydralisk x8  
  143  11:42  Hatchery  
  94  11:57  Zergling x14  
  94  11:58  Zergling x14  
  94  12:00  Lurker x2  
  108  12:02  Drone x2  
  108  12:06  Zerg Missile Weapons Level 2  
  108  12:08  Zerg Ground Armor Level 1  
  110  12:13  Adrenal Glands  
  110  12:18  Baneling x5  
  110  12:24  Drone x8  
  118  12:35  Infestor  
  120  12:42  Spore Crawler  
  119  12:46  Spine Crawler, Lurker x3  
  119  12:48  Zergling x12  
  119  12:49  Zergling x14  
  134  12:57  Extractor  
  134  12:58  Extractor  
  132  13:01  Adaptive Talons  
  132  13:04  Infestor  
  134  13:15  Drone x3  
  134  13:18  Baneling x8  
  137  13:52  Hydralisk x12  
  137  13:53  Hydralisk x2  
  165  14:14  Overlord  
  165  14:15  Overlord x5  
  165  14:24  Ultralisk Cavern  
  164  14:27  Hatchery  
  163  14:51  Hydralisk  
  163  14:52  Hydralisk x10  
  154  15:19  Zerg Melee Weapons Level 2  
  135  15:21  Zerg Missile Weapons Level 3  
  135  15:24  Ultralisk x2  
  145  15:32  Zergling x2  
  145  15:33  Zergling x12  
  150  15:55  Baneling x2  
  150  15:56  Baneling x4  
  108  16:31  Ultralisk x2  
  108  16:32  Chitinous Plating  
  114  16:41  Hatchery  
  111  16:48  Overseer x2  
  96  16:55  Lurker  
  97  17:07  Zergling x10  
  102  17:28  Hatchery  
  101  17:33  Baneling x3  
  101  17:35  Baneling x5  
  101  17:51  Anabolic Synthesis  
  101  17:56  Zergling x2  
  101  17:57  Zergling x14  
  109  18:09  Drone  
  109  18:10  Drone x6  
  116  18:21  Ultralisk  
  116  18:23  Baneling x3  
  116  18:24  Baneling  
  116  18:25  Baneling  
  116  18:26  Baneling  
  122  18:27  Baneling  
  122  18:28  Baneling  
  122  18:48  Drone x3  
  125  18:50  Drone  
  125  18:54  Drone x5  
  125  18:55  Drone x2  
  133  19:01  Infestor  
Show
View Real Time Build Order
Export as new Build Order

Massa Terran - Winner!

Build Orders:  

Get SALT Encoding   

  12  0:00  SCV  
  13  0:12  SCV  
  14  0:18  Supply Depot  
  14  0:24  SCV  
  15  0:40  SCV  
  15  0:41  Barracks  
  16  0:51  Refinery  
  16  0:52  SCV  
  18  1:04  SCV  
  18  1:16  SCV  
  19  1:28  SCV  
  20  1:37  Reaper  
  21  1:43  Barracks  
  21  1:45  Orbital Command  
  21  2:01  Supply Depot  
  21  2:09  Marine  
  21  2:14  SCV  
  23  2:24  Command Center  
  23  2:35  Marine x2  
  23  2:36  Factory  
  25  2:47  SCV  
  26  2:53  Supply Depot  
  26  2:54  Supply Depot  
  26  3:10  Marine x2  
  27  3:23  Barracks  
  27  3:27  Barracks  
  27  3:28  Hellion, Marine x2  
  31  3:36  Supply Depot  
  31  3:44  Orbital Command  
  31  3:46  Marine x2  
  33  3:50  Factory Tech Lab  
  33  4:08  Marine  
  33  4:09  Marine  
  35  4:10  SCV  
  35  4:13  SCV  
  37  4:18  Siege Tank  
  37  4:22  SCV  
  37  4:24  Starport  
  41  4:25  SCV  
  41  4:28  Engineering Bay  
  42  4:33  Barracks Tech Lab  
  42  4:34  SCV  
  42  4:36  Barracks Tech Lab  
  42  4:37  SCV  
  44  4:46  Refinery, SCV  
  44  4:47  Refinery  
  44  4:49  SCV, Marine  
  44  4:50  Marine  
  48  4:58  SCV  
  49  5:01  SCV, Medivac  
  49  5:05  Missile Turret  
  52  5:09  Missile Turret  
  52  5:12  Missile Turret  
  52  5:17  SCV x2  
  54  5:29  SCV x2  
  54  5:31  Missile Turret  
  54  5:32  Stimpack  
  54  5:34  Combat Shield  
  56  5:41  SCV  
  56  5:42  Widow Mine  
  59  5:51  Medivac  
  61  5:58  Missile Turret  
  61  6:04  Widow Mine, Command Center  
  63  6:06  Terran Infantry Weapons Level 1  
  63  6:27  Command Center  
  63  6:57  Supply Depot  
  63  7:15  Marine x2  
  69  7:16  Widow Mine, Marauder  
  69  7:18  Medivac  
  69  7:19  Marauder  
  55  7:33  Marine x2  
  53  7:44  Marauder x2  
  53  7:47  Siege Tank  
  53  7:51  Marine x2  
  60  7:53  Viking  
  60  7:55  Orbital Command  
  62  7:58  SCV  
  62  8:01  Terran Infantry Armor Level 1  
  65  8:05  Marauder  
  65  8:06  Marauder  
  65  8:08  Marine x2  
  65  8:10  SCV  
  70  8:19  Siege Tank  
  73  8:26  Marine x2  
  79  8:27  Marauder x2  
  79  8:35  Planetary Fortress  
  79  8:51  Missile Turret  
  79  8:53  Refinery  
  83  8:55  Marauder x2  
  83  9:03  Barracks Reactor  
  83  9:10  Medivac  
  83  9:17  Marauder x2  
  89  9:18  SCV x3  
  92  9:30  SCV  
  93  9:43  Starport Reactor, Supply Depot  
  93  9:44  Supply Depot  
  93  9:45  Supply Depot  
  93  9:52  Refinery  
  93  9:55  Refinery  
  93  10:05  SCV x3, Marauder x2, Marine, Missile Turret  
  93  10:06  Widow Mine  
  103  10:09  Supply Depot  
  103  10:11  Command Center  
  103  10:17  SCV x3  
  103  10:19  Sensor Tower  
  106  10:22  Sensor Tower  
  106  10:23  Marine  
  106  10:26  Marine  
  106  10:28  Widow Mine  
  110  10:29  SCV x3  
  110  10:33  Missile Turret x2  
  111  10:37  Missile Turret  
  111  10:41  SCV x3  
  112  10:48  Medivac x2  
  116  10:53  SCV  
  116  10:56  SCV  
  116  10:57  SCV  
  119  11:01  Siege Tank  
  122  11:05  SCV  
  122  11:08  SCV  
  122  11:09  SCV  
  125  11:11  Armory  
  125  11:15  Engineering Bay  
  125  11:18  Factory  
  125  11:21  Barracks  
  125  11:22  SCV x3, Medivac x2  
  132  11:30  Supply Depot  
  132  11:31  Supply Depot  
  132  11:33  Siege Tank  
  132  11:34  SCV x2, Supply Depot  
  93  11:55  Supply Depot  
  93  11:59  Supply Depot  
  91  12:01  Command Center  
  91  12:05  Marauder, Marine  
  91  12:06  Marauder, Marine x2  
  98  12:11  Medivac x2  
  102  12:17  Barracks Reactor  
  102  12:18  Factory Reactor  
  102  12:23  Marine  
  102  12:25  SCV x3  
  102  12:27  Marauder x2  
  110  12:31  Marine x2  
  110  12:34  Missile Turret  
  112  12:37  SCV x2  
  114  12:48  Marauder x2  
  114  12:49  SCV x2  
  120  12:56  Concussive Shells  
  120  12:57  Marine x4  
  120  12:58  Marine  
  125  13:01  SCV x2  
  127  13:08  Sensor Tower  
  127  13:09  Marauder  
  127  13:10  Marauder  
  131  13:15  Marine x4  
  131  13:18  Marine  
  136  13:21  Missile Turret  
  136  13:22  Widow Mine  
  136  13:25  Drilling Claws  
  136  13:26  Terran Infantry Weapons Level 2  
  138  13:30  Terran Infantry Armor Level 2  
  138  13:31  Marauder x2  
  138  13:33  Marine  
  143  13:34  Planetary Fortress  
  143  13:41  Planetary Fortress  
  143  13:42  SCV x2  
  143  13:43  Missile Turret  
  145  13:54  SCV  
  145  13:55  SCV, Marauder x2  
  151  14:04  Missile Turret  
  151  14:06  Barracks Reactor  
  151  14:07  SCV x2  
  153  14:16  Marauder x2  
  157  14:17  Supply Depot x3  
  157  14:18  Supply Depot  
  157  14:19  SCV x2, Supply Depot x2  
  157  14:21  Widow Mine x2  
  157  14:24  Medivac x2  
  165  14:26  Missile Turret  
  167  14:35  Sensor Tower  
  167  14:36  Refinery, SCV x3  
  167  14:37  SCV, Marauder  
  173  14:42  Widow Mine, Terran Vehicle Weapons Level 1  
  175  14:48  SCV  
  163  15:19  Marauder, Marine  
  163  15:20  Marauder, Marine x5  
  163  15:21  Siege Tank  
  163  15:22  Widow Mine x2  
  170  15:30  Refinery  
  170  15:41  Marauder  
  172  15:44  Widow Mine x2  
  176  15:54  Siege Tank  
  169  16:05  Widow Mine  
  119  16:26  Siege Tank  
  112  16:34  Marauder x2, Marine  
  112  16:35  Marine x5  
  112  16:38  Widow Mine x2  
  126  16:44  Refinery  
  126  16:47  Command Center  
  126  16:52  Marine  
  126  16:53  Marine x5  
  132  16:55  Marauder  
  132  16:56  Marauder  
  132  16:58  Siege Tank  
  132  16:59  Widow Mine x2  
  143  17:03  Terran Infantry Weapons Level 3  
  143  17:04  Terran Vehicle Weapons Level 2, Terran Infantry Armor Level 3  
  137  17:10  Marine x2  
  137  17:11  Marine x2  
  139  17:17  Marauder x2  
  143  17:38  Marauder, Command Center, Ghost Academy  
  143  17:39  Marauder  
  143  17:40  Missile Turret  
  143  17:41  Medivac x2  
  143  17:42  Siege Tank  
  158  17:44  Widow Mine x2  
  158  17:46  Marine  
  158  17:47  Marine x5  
  164  17:52  Smart Servos  
  164  17:59  Marauder  
  164  18:00  Marauder  
  164  18:01  Missile Turret  
  164  18:04  Marine x2  
  174  18:05  Widow Mine  
  174  18:06  Widow Mine  
  174  18:11  Medivac x2  
  178  18:14  Siege Tank  
  178  18:17  Sensor Tower  
  178  18:18  Missile Turret  
  178  18:19  Missile Turret  
  181  18:21  Marauder x2  
  181  18:22  Missile Turret  
  181  18:23  Missile Turret x2  
  185  18:27  Planetary Fortress  
  185  18:33  Marine x2  
  185  18:34  Marine x2  
  189  18:42  Marauder  
  189  18:43  Marauder  
  189  18:44  Missile Turret  
  193  18:49  Planetary Fortress  
  193  18:51  Sensor Tower  
  193  18:57  Armory  
  193  19:04  Marauder x2  
  193  19:05  Medivac, Ghost Academy  
  199  19:11  Missile Turret  
  199  19:34  Refinery  
  199  19:36  Refinery  
Tags
 
Composition
Lurkers
Matchup
TvZ
Opening
Pool First
Replay Pack
Multiplayer
Spawn Locations
Cross Positions
Add a new tag
Caveats
  • Supply blocks, unpowered buildings, or Contaminate may cause inaccurate times.
  • Supply counts are checked every 10 seconds.